[Event "*** Titled Tuesday Blitz"]
[Site "Chess.com"]
[Date "2020.11.03"]
[Round "9"]
[White "tk22h"]
[Black "kidagent"]
[Result "0-1"]
[WhiteElo "2360"]
[BlackElo "2301"]
[TimeControl "180+1"]
[EndTime "11:49:46 PST"]
[Termination "kidagent won on time"]

1. c4 c6 2. e4 e5 3. Nf3 d6 4. d4 Nd7 5. Nc3 Ngf6 6. Be2 g6 7. O-O Bg7 8. Be3 O-O 9. d5 c5 10. Ne1 Ne8 11. Nd3 f5 12. f4 exf4 13. Nxf4 Ne5 14.
exf5 Bxf5 15. g4 Bd7 16. Ne6 Bxe6 17. dxe6 Nc7 18. Rxf8+ Qxf8 19. e7 Qxe7 20. Nd5 Nxd5 21. Qxd5+ Kh8 22. Re1 Re8 23. Bf2 b6 24. Bd1 Qf6 25. Bg3 Rf8 26. b3 Nf3+ 27. Bxf3 Qxf3 28.
Qxf3 Rxf3 29. Bxd6 Bd4+ 30. Kg2 Rf2+ 31. Kg3 Rxa2 32.
Re7 Ra3 33. Bf4 Rxb3+ 34. Kg2 h5 35. gxh5 gxh5 36. Rxa7 Rc3 37. Rb7 Rxc4 38. Rxb6 Rc2+ 39. Kf3 Kg8 40. Ke4 Kf7 41. Kf5 c4 42. Rb7+ Ke8 43.
Ke6 Re2+ 44. Kd5 Bf6 45. Kxc4 Re4+ 46. Kd5 Rxf4 47. Ke6 Rf2 48. Rb8+ Bd8 49. h4 Rf6+ 0-1

[Event "*** Titled Tuesday Blitz"]
[Site "Chess.com"]
[Date "2020.11.03"]
[Round "9"]
[White "marabu44"]
[Black "Agoking701"]
[Result "1/2-1/2"]
[WhiteElo "2256"]
[BlackElo "2358"]
[TimeControl "180+1"]
[EndTime "11:49:49 PST"]
[Termination "Game drawn by stalemate"]

1. Nf3 g6 2. d4 Bg7 3. c4 d6 4. Nc3 Nc6 5. d5 Nb8 6. g3 e5 7. e4 Ne7 8. h4 h5 9. Ng5 a5 10. Be3 Na6 11. Qa4+ Bd7 12. Qc2 Nc5 13. Bg2 f6 14. Nf3 f5 15. Bxc5 dxc5 16. Ng5 Nc8 17. O-O Bf6 18. Ne6 Bxe6 19. dxe6 f4 20. gxf4 Nd6 21.
Nd5 c6 22. e7 Bxe7 23. fxe5 Nf7 24. f4 cxd5 25. exd5 Bxh4 26. Qxg6 Rh6 27. Qg7 Qe7 28. d6 Qf8 29. Qxf8+ Kxf8 30. Rad1 Rd8 31. Bxb7 Rb8 32. Bd5 Rxb2 33. Bxf7 Kxf7 34. f5 Rh8 35. Kh1 Re8 36. e6+ Kf6 37. d7 Rd8 38. Rd6 Ke7 39. Rd5 Bf6 40. Rxc5 Rxa2 41. Rc8 Rc2 42. c5 a4 43. c6 a3 44. c7 Rxc7 45. Rxc7 a2 46. Ra7 a1=Q 47.
Raxa1 Bxa1 48. Rxa1 Kf6 49. Rf1 Rg8 50. Kh2 Kg5 51.
Rg1+ Kh4 52. Rxg8 1/2-1/2

[Event "*** Titled Tuesday Blitz"]
[Site "Chess.com"]
[Date "2020.11.03"]
[Round "9"]
[White "gumimis"]
[Black "Pertinhez76"]
[Result "1-0"]
[WhiteElo "2244"]
[BlackElo "2132"]
[TimeControl "180+1"]
[EndTime "11:49:49 PST"]
[Termination "gumimis won by checkmate"]

1. e4 e6 2. d4 d5 3. Nc3 Nf6 4. e5 Nfd7 5. f4 c5 6. Nf3 Nc6 7. Be3 Be7 8. Qd2 O-O 9. Be2 a6 10.
O-O b5 11. Kh1 f5 12. exf6 Nxf6 13. dxc5 Na5 14. Ne5 Bb7 15. Bd4 Rc8 16. Qe3 Nc4 17. Nxc4 dxc4 18. Qxe6+ Kh8 19. Rad1 Rc6 20. Qe3 Qe8 21. Bf3 Rc7 22. Bxb7 Rxb7 23. Rfe1 b4 24. Bxf6 gxf6 25. Nd5 Rf7 26. Qe6 Qf8 27. c6 Ra7 28.
c7 Ra8 29. Nxe7 Re8 30. c8=Q Rxc8 31. Nxc8 Rg7 32. Qe8 Qxe8 33. Rxe8+ Rg8 34. Rxg8+ Kxg8 35. Rd4 Kf7 36. Rxc4 Ke6 37. Rxb4 Kd5 38. Ra4 Kc6 39. Ne7+ Kb7 40. Nd5 a5 41. Rxa5 Kc6 42. Nxf6 h6 43.
Rh5 Kd6 44. Rxh6 Ke6 45. a4 Kf5 46. a5 Kxf4 47. a6 Ke3 48. a7 Kf2 49. a8=Q Ke1 50. Qe4+ Kd2 51. Qd3+ Kc1 52. Ne4 Kb1 53. Nc3+ Ka1 54.
Ra6+ Kxb2 55. Ra2+ Kc1 56. Qd1# 1-0

[Event "*** Titled Tuesday Blitz"]
[Site "Chess.com"]
[Date "2020.11.03"]
[Round "9"]
[White "Nikolakis2014"]
[Black "gmmoranda"]
[Result "1-0"]
[WhiteElo "2769"]
[BlackElo "2875"]
[TimeControl "180+1"]
[EndTime "11:49:50 PST"]
[Termination "Nikolakis2014 won by resignation"]

1. Nf3 Nf6 2. c4 e6 3. g3 d5 4.
d4 dxc4 5. Bg2 a6 6. O-O b5 7. Ne5 Nd5 8. a4 Bb7 9. axb5 axb5 10. Rxa8 Bxa8 11. e4 Nf6 12. Nc3 c6 13. Bh3 Be7 14. Nxf7 Kxf7 15. e5 c5 16. exf6 Bxf6 17. Re1 Re8 18.
Qh5+ Kg8 19. Rxe6 Rxe6 20. Bxe6+ Kh8 21. Nxb5 Qe7 22. d5 Nc6 23. Bf4 g6 24. Qd1 Ne5 25. Qa4 Bb7 26. Nd6 Nf3+ 27. Kg2 Nd4 28. Nxb7 Nxe6 29.
dxe6 Qxb7+ 30. Kh3 g5 31. Bd6 Kg7 32. Qe8 Bxb2 33.
e7 g4+ 34. Kxg4 Qe4+ 35. f4 Qe2+ 36. Kh3 Qf1+ 37. Kg4 Qe2+ 38. Kf5 Qd3+ 39. Ke6 Qe4+ 40.
Kd7 Qb7+ 41. Ke6 Qe4+ 42. Be5+ Bxe5 43. fxe5 Qg4+ 44. Kd6 Qd4+ 45. Kc6 Qe4+ 46. Kb6 Qb1+ 47. Kc7 Qf5 48. Qd7 Qxe5+ 49. Kb7 Qe4+ 50. Kb6 Qb1+ 51.
Kc7 Kf6 52. e8=Q 1-0

[Event "*** Titled Tuesday Blitz"]
[Site "Chess.com"]
[Date "2020.11.03"]
[Round "9"]
[White "vugarrasulov"]
[Black "Karateloru"]
[Result "1-0"]
[WhiteElo "2863"]
[BlackElo "2724"]
[TimeControl "180+1"]
[EndTime "11:49:52 PST"]
[Termination "vugarrasulov won by resignation"]

1. d4 Nf6 2. c4 e6 3. Nf3 d5 4. g3 dxc4 5. Bg2 Bb4+ 6. Bd2 c5 7. O-O Nc6 8. dxc5 Bxc5 9. Qc2 O-O 10. Qxc4 Qe7 11. Nc3 e5 12. Bg5 Be6 13. Qh4 h6 14.
Bxf6 Qxf6 15. Qxf6 gxf6 16. Rac1 Be7 17. Rfd1 Rfd8 18. Nh4 Rac8 19. Nd5 Kf8 20. e3 f5 21. Nxe7 Kxe7 22. Rxd8 Rxd8 23. a3 e4 24. g4 fxg4 25.
Bxe4 Rd2 26. b4 Kd6 27. Kg2 Bd7 28. Kg3 Ke5 29. Bg2 h5 30. Rc5+ Kf6 31. Rxh5 Ra2 32. Rh6+ Ke7 33. b5 Ne5 34. b6 Rxa3 35. Bxb7 axb6 36.
Rxb6 Nd3 37. Be4 Ne5 38. Bf5 Ra1 39. Kf4 f6 40. Bxd7 Nxd7 41. Nf5+ Kd8 42. Rb2 Rh1 43. Kxg4 Rxh2 44. Kg3 Rh5 45. Nd6 Rd5 46. Ne4 Ke7 47. f4 Rd3 48. Kf3 f5 49. Ng3 Rd5 50.
Rh2 Nc5 51. Rh7+ Ke6 52. Rh6+ Ke7 53. Rc6 Kd7 54. Rf6 Nd3 55. Rxf5 Rd6 56. Ne4 Rc6 57. Rd5+ 1-0

[Event "*** Titled Tuesday Blitz"]
[Site "Chess.com"]
[Date "2020.11.03"]
[Round "9"]
[White "KuzubovYuriy"]
[Black "Borsuk_Konstantin"]
[Result "1-0"]
[WhiteElo "2844"]
[BlackElo "2616"]
[TimeControl "180+1"]
[EndTime "11:49:53 PST"]
[Termination "KuzubovYuriy won by resignation"]

1. d4 Nf6 2. c4 e6 3. Nf3 b6 4. g3 Bb7 5. Bg2 g6 6. Nc3 Bg7 7. d5 O-O 8. O-O d6 9. e4 Nfd7 10. Re1 Bxc3 11. bxc3 e5 12. Bh6 Re8 13. Ng5 Nc5 14.
f4 f6 15. Nh3 Bc8 16. Nf2 Nbd7 17. Qf3 Qe7 18. f5 Nf8 19. h4 Ba6 20. Bf1 Nfd7 21. g4 Kh8 22. Kh2 Rg8 23. Be2 Raf8 24. Bxf8 Qxf8 25.
fxg6 hxg6 26. Qe3 Qg7 27. Rg1 Qh7 28. Rg3 Kg7 29. Rh3 Rh8 30. Rg1 Bc8 31. g5 f5 32.
exf5 gxf5 33. h5 f4 34. g6 Qh6 35. Qf3 Nf6 36. Rh4 Bf5 37. Bf1 Rf8 38. Bh3 Bxh3 39. Qxh3 e4 40. Ng4 Nxg4+ 41. Qxg4 f3 42. Rf1 Qd2+ 43.
Kh1 Qh6 44. Qh3 Rf6 45. Rg4 Rf8 46. Rh4 Qd2 47. h6+ Kxg6 48. Rg1+ Kf7 49. h7 Rh8 50.
Qf5+ Ke7 51. Rg7+ Kd8 52. Rg8+ 1-0

[Event "*** Titled Tuesday Blitz"]
[Site "Chess.com"]
[Date "2020.11.03"]
[Round "9"]
[White "GregShahade"]
[Black "woodhy"]
[Result "1-0"]
[WhiteElo "2646"]
[BlackElo "2474"]
[TimeControl "180+1"]
[EndTime "11:49:54 PST"]
[Termination "GregShahade won by resignation"]

1. e4 e6 2. d4 d5 3. Nd2 c5 4. exd5 exd5 5. Ngf3 Nc6 6. Bb5 Bd6 7. dxc5 Bxc5 8. O-O Ne7 9. Nb3 Bd6 10. Re1 O-O 11.
Bg5 Bg4 12. Bh4 Re8 13. Bg3 Bxg3 14. hxg3 Qb6 15. Bd3 Nf5 16. Bxf5 Bxf5 17. Qd2 h6 18. Nfd4 Nxd4 19. Nxd4 Bg6 20. c3 Rad8 21. Rad1 Qa5 22. b4 Qb6 23. Re3 a5 24. a3 axb4 25. axb4 Qc7 26.
Rxe8+ Rxe8 27. Nb5 Qc4 28. Qxd5 Re1+ 29. Kh2 Qf1 30.
Rxe1 Qxe1 31. Qd4 Qe2 32. Nd6 Qh5+ 33. Kg1 Qe2 34. f3 Qe1+ 35. Kh2 h5 36. Nxb7 h4 37. gxh4 Bc2 38. Nc5 Bd1 39. Qd8+ Kh7 40. Qg5 Qf2 41. Ne4 Qb6 42. Qh5+ Kg8 43. Qc5 Qb8+ 44. Qd6 Qc8 45.
Qxd1 Qf5 46. Qd8+ Kh7 47. Ng5+ Kg6 48. Qd6+ f6 49. Ne4 Kh7 50. Qg3 Qe6 51. b5 Kh8 52.
Qb8+ Kh7 53. Qg3 Kh8 54. c4 g5 55. c5 gxh4 56. Qxh4+ Kg8 57. Qg4+ Qxg4 58. fxg4 f5 59.
gxf5 Kf7 60. b6 1-0

[Event "*** Titled Tuesday Blitz"]
[Site "Chess.com"]
[Date "2020.11.03"]
[Round "9"]
[White "vova-79"]
[Black "Kotofeyca"]
[Result "1-0"]
[WhiteElo "2498"]
[BlackElo "2369"]
[TimeControl "180+1"]
[EndTime "11:49:54 PST"]
[Termination "vova-79 won by checkmate"]

1. d4 d5 2. c4 c6 3. Nc3 Nf6 4. cxd5 cxd5 5. f3 Nc6 6. e4 dxe4 7. d5 Nb8 8. fxe4 e6 9. Bg5 Be7 10. Bb5+ Bd7 11. dxe6 fxe6 12. Nf3 O-O 13. Bxd7 Qxd7 14. O-O Nc6 15. Qxd7 Nxd7 16. Rad1 Bc5+ 17. Kh1 Nde5 18. Na4 Nxf3 19. gxf3 Be7 20. Bxe7 Nxe7 21. Nc5 e5 22. Nxb7 Rab8 23. Rd7 Nc6 24. Kg2 Nd4 25. f4 exf4 26. b3 f3+ 27. Kf2 Nc2 28. Nd6 Rbd8 29. Rxd8 Rxd8 30.
e5 Nd4 31. Ke3 Nc6 32. Ke4 Rd7 33. Rxf3 Re7 34. Nc4 g6 35. Kd5 Nb4+ 36. Kd6 Re8 37. e6 a5 38. Kd7 Ra8 39. e7 Ra7+ 40. Kd6 Ra8 41. Nb6 Rb8 42. Nd7 Kg7 43. Nxb8 Na6 44. Nxa6 Kh6 45. e8=Q g5 46. Qf8+ Kh5 47. Rh3+ Kg4 48.
Rxh7 a4 49. Rg7 Kh4 50. Qf6 Kh3 51. Qxg5 a3 52. Rh7# 1-0

[Event "*** Titled Tuesday Blitz"]
[Site "Chess.com"]
[Date "2020.11.03"]
[Round "9"]
[White "Chernobay_Artem"]
[Black "MarcoRiehle"]
[Result "1-0"]
[WhiteElo "2631"]
[BlackElo "2688"]
[TimeControl "180+1"]
[EndTime "11:49:56 PST"]
[Termination "Chernobay_Artem won by checkmate"]

1. d4 d5 2. c4 e6 3. Nc3 c5 4. cxd5 cxd4 5. Qa4+ Bd7 6. Qxd4 exd5 7. Qxd5 Nf6 8. Qb3 Na6 9. e3 Nc5 10. Qc2 Rc8 11.
Nf3 Bd6 12. Be2 O-O 13. O-O Qe7 14. Rd1 Nce4 15. Bd2 Rc7 16. Be1 Rfc8 17. Qd3 Bf5 18. Nh4 Bd7 19. Bf3 Bc6 20. Nf5 Bxh2+ 21. Kxh2 Qe5+ 22.
Ng3 Nxg3 23. fxg3 h6 24. Qd4 Qg5 25. g4 Bxf3 26. gxf3 Rc4 27. Qd6 Nxg4+ 28. fxg4 Rxg4 29. Bg3 Kh7 30. Rf1 Rc6 31. Qe5 Qd8 32. Qf5+ Rcg6 33. Rg1 Rg5 34. Qf3 Qa5 35. Ne4 Rh5+ 36. Kg2 Rb5 37. b3 Rd5 38. Rad1 Qxa2+ 39. Nf2 Rdg5 40.
Kh2 Qc2 41. Qe4 Rh5+ 42. Kg2 Qxe4+ 43. Nxe4 Rf5 44. Rdf1 Rb5 45. Rxf7 Rxb3 46. Rgf1 Rxe3 47. Nf6+ Rxf6 48. R1xf6 Rb3 49. Re6 Rb2+ 50. Bf2 a5 51. Ree7 Kg6 52. Rxg7+ Kh5 53. Kf3 a4 54. Re5# 1-0

[Event "*** Titled Tuesday Blitz"]
[Site "Chess.com"]
[Date "2020.11.03"]
[Round "9"]
[White "albi1999"]
[Black "Das_Virus_2020"]
[Result "0-1"]
[WhiteElo "2552"]
[BlackElo "2426"]
[TimeControl "180+1"]
[EndTime "11:49:56 PST"]
[Termination "Das_Virus_2020 won by checkmate"]

1. d4 Nf6 2. c4 c5 3. d5 b5 4.
cxb5 a6 5. bxa6 g6 6. Nc3 Bxa6 7. e4 Bxf1 8. Kxf1 d6 9. Nf3 Nbd7 10. g3 Bg7 11. Kg2 O-O 12. a4 Qb6 13. Qc2 Rfb8 14. Ra3 Qb4 15. Re1 Ng4 16. Nb5 Nge5 17. Nxe5 Nxe5 18.
Re2 Nc4 19. b3 Nxa3 20. Bxa3 Qa5 21. Bc1 Rc8 22. Bd2 Qa6 23. Qc4 Qb7 24. h4 h6 25.
h5 g5 26. f4 gxf4 27. Bxf4 Qd7 28. Kf3 Rd8 29. g4 Rab8 30. Rg2 Rb6 31. Be3 e6 32. b4 exd5 33. Qxd5 Rbb8 34. g5 Qh3+ 35. Rg3 Qxh5+ 36. Kf2 Be5 37. Rg2 Qh4+ 38. Ke2 Qh3 39. Kf2 Qe6 40. gxh6+ Kh7 41. Qd1 Rg8 42. Qf3 Rxg2+ 43.
Qxg2 Rg8 44. Qf3 cxb4 45. Nd4 Bxd4 46. Bxd4 Rg6 47. a5 b3 48. a6 Qc4 49. Ke3 b2 50. a7 Qb3+ 51. Kf4 Qxf3+ 52. Kxf3 b1=Q 53. a8=Q Qd1+ 54. Ke3 Rg3+ 55. Kf4 Qf3# 0-1

[Event "*** Titled Tuesday Blitz"]
[Site "Chess.com"]
[Date "2020.11.03"]
[Round "9"]
[White "lolo9292"]
[Black "Chopper1905"]
[Result "0-1"]
[WhiteElo "2514"]
[BlackElo "2931"]
[TimeControl "180+1"]
[EndTime "11:49:58 PST"]
[Termination "Chopper1905 won on time"]

1. Nf3 d5 2. b3 c5 3. Bb2 f6 4. e4 d4 5. Bc4 e5 6. O-O Nc6 7.
a4 Bg4 8. h3 Bh5 9. d3 Bd6 10.
Na3 Nge7 11. Nb5 Bb8 12. Bc1 a6 13. Na3 Nc8 14. Nb1 Nb6 15. Nbd2 Bc7 16. g4 Nxc4 17.
bxc4 Bf7 18. Nh4 g6 19. Rb1 Rb8 20. Nb3 Bd6 21. Ng2 h5 22. Ba3 Qe7 23. Qd2 Be6 24. f3 hxg4 25. hxg4 g5 26. Na5 Nb4 27. Nb3 Nc6 28. Nc1 Kf7 29. Ne2 Rh3 30. Kf2 Rbh8 31. Ng3 Nb4 32. Rh1 Rxh1 33. Rxh1 Rxh1 34. Nxh1 Qd7 35.
Bxb4 cxb4 36. Ng3 Qxa4 37. Qd1 Qa2 38. Qh1 Qxc2+ 39. Ne2 Bf8 40. Qh5+ Ke7 41. Qh7+ Bf7 42. Qf5 Qa4 43. Ng3 Qd7 44. Qh7 Ke8 45. Qh1 a5 46. Ne1 b3 47. Nf5 a4 48. Ng2 Be6 49. f4 exf4 50. Qh5+ Qf7 51. Qh1 a3 52. Nxd4 Bc5 53.
Qh8+ Kd7 54. Qb8 Bxd4+ 55. Kf3 Kc6 56. c5 Qd7 0-1

[Event "*** Titled Tuesday Blitz"]
[Site "Chess.com"]
[Date "2020.11.03"]
[Round "9"]
[White "grunbergmihai"]
[Black "MashaFromRussia"]
[Result "1/2-1/2"]
[WhiteElo "2478"]
[BlackElo "2362"]
[TimeControl "180+1"]
[EndTime "11:49:59 PST"]
[Termination "Game drawn by repetition"]

1. Nf3 d6 2. d4 Nf6 3. c4 g6 4. g3 Bg7 5. Bg2 O-O 6. O-O Nc6 7. Nc3 a6 8. Re1 Rb8 9. Rb1 b5 10. cxb5 axb5 11. b4 Nd7 12. e4 e5 13. d5 Nd4 14.
Nxd4 exd4 15. Ne2 d3 16. Qxd3 Ne5 17. Qd1 Ra8 18. a3 Bg4 19. Qb3 h5 20. h3 Bd7 21.
Nd4 Nc4 22. Nc6 Bxc6 23. dxc6 Qe8 24. Qd3 Be5 25. Qd5 Nxa3 26. Bxa3 Rxa3 27. Qxb5 Qb8 28. Qxb8 Rxb8 29. Red1 Rb6 30. b5 Ra5 31. Bf1 Kf8 32. f4 Bg7 33. e5 dxe5 34. Rd8+ Ke7 35. Rd7+ Kf8 36. Rxc7 exf4 37. Rb7 Bd4+ 38. Kh1 fxg3 39. c7 Ra8 40. Bg2 Rc8 41. Ra7 Be5 42. Rc1 Rxb5 43. Ra8 Rxa8 44. Bxa8 Bxc7 45. Rxc7 h4 46. Rc2 Rb1+ 47.
Kg2 Kg7 48. Bf3 Ra1 49. Be2 g5 50. Rc7 Ra2 51. Re7 Rb2 52. Kf3 Rb3+ 53. Kg2 Rb2 54. Kf3 Rb3+ 55. Kg2 Rb2 1/2-1/2

[Event "*** Titled Tuesday Blitz"]
[Site "Chess.com"]
[Date "2020.11.03"]
[Round "9"]
[White "andriipalchuk"]
[Black "Kaslask"]
[Result "1-0"]
[WhiteElo "2452"]
[BlackElo "2298"]
[TimeControl "180+1"]
[EndTime "11:49:59 PST"]
[Termination "andriipalchuk won on time"]

1. d4 Nf6 2. Nf3 g6 3. g3 Bg7 4. Bg2 O-O 5. O-O d5 6. c4 dxc4 7.
Qc2 a6 8. a4 b6 9. Nfd2 Ra7 10.
e3 Bb7 11. Qxc4 Bxg2 12. Kxg2 c5 13. dxc5 Rc7 14. Nb3 Nbd7 15. Qxa6 Nxc5 16. Nxc5 Rxc5 17. Nc3 Rh5 18. Rd1 Qc7 19. Qe2 Qc8 20. f3 Qh3+ 21. Kg1 Rc8 22. e4 Nd7 23. Be3 Ne5 24. Nd5 Nxf3+ 25.
Qxf3 Qxh2+ 26. Kf1 Rc2 27. Bf2 Be5 28. Ne3 Rxb2 29.
Qg2 Rxf2+ 30. Kxf2 Bxa1 31. Rxa1 Qxg2+ 32. Kxg2 Ra5 33. Nc4 Ra6 34. Ra3 f5 35. exf5 gxf5 36.
Kf3 Kf7 37. Kf4 Kf6 38. Ke3 e5 39. Kd3 h5 40. Kc3 f4 41. gxf4 exf4 42. Kb4 h4 43. Rh3 Kg5 44. Kb5 Ra8 45. Nxb6 Rh8 46. a5 Kg4 47.
Rh1 h3 48. Nc4 Kg3 49. Ne5 Kg2 50. Re1 h2 51. Nd3 h1=Q 52. Nxf4+ Kf3 53. Rxh1 Rxh1 54. Ne6 Ra1 55. Nd4+ Ke4 56. Nc6 1-0

[Event "*** Titled Tuesday Blitz"]
[Site "Chess.com"]
[Date "2020.11.03"]
[Round "9"]
[White "Smile2005"]
[Black "Rakhimzhan_Alen"]
[Result "1-0"]
[WhiteElo "2341"]
[BlackElo "2610"]
[TimeControl "180+1"]
[EndTime "11:50:00 PST"]
[Termination "Smile2005 won on time"]

1. Nf3 Nf6 2. g3 g6 3. Bg2 Bg7 4. O-O O-O 5. d3 d5 6. Nc3 Nc6 7. e4 d4 8. Nb1 e5 9. a4 h6 10. Na3 Be6 11. Nd2 Qd7 12. f4 Bh3 13. f5 Bxg2 14.
Kxg2 Ne7 15. Nac4 Nh5 16. Nb3 b6 17. g4 Nf4+ 18. Bxf4 exf4 19. Rxf4 Nc6 20. f6 Bh8 21. h3 Rfe8 22. Qd2 Kh7 23. Raf1 Ne5 24. Nxe5 Rxe5 25. Qf2 c5 26. Nd2 Qxa4 27. Nc4 Re6 28. g5 hxg5 29. Rf3 b5 30. b3 Qa6 31.
Nd2 Qd6 32. h4 g4 33. Rf4 g3 34. Qf3 Qe5 35. h5 Rg8 36. Rh1 g5 37. Rf5 g4 38.
Qxg3 Qxg3+ 39. Kxg3 Rxf6 40. Rxc5 Re6 41. Rxb5 Be5+ 42. Kg2 Bf4 43. Nc4 Rc8 44. Rf5 Be3 45.
Rxf7+ Kh6 46. Rf5 Rg8 47. Ra1 a6 48. Raa5 g3 49. Rad5 Bf2 50. Rd7 Rg4 51. Ne5 Rh4 52. Nf7+ 1-0

[Event "*** Titled Tuesday Blitz"]
[Site "Chess.com"]
[Date "2020.11.03"]
[Round "9"]
[White "andrzej"]
[Black "Alomaterapia"]
[Result "0-1"]
[WhiteElo "2374"]
[BlackElo "2513"]
[TimeControl "180+1"]
[EndTime "11:50:02 PST"]
[Termination "Alomaterapia won by checkmate"]

1. e4 e5 2. Nf3 Nc6 3. d4 exd4 4. Nxd4 Qf6 5. Nxc6 Bc5 6. Qf3 bxc6 7. Nd2 d6 8. Nb3 Bb6 9. a4 a5 10. Bc4 Qxf3 11.
gxf3 Be6 12. Nd2 d5 13. Bd3 Nf6 14. Nb3 O-O 15. Rg1 dxe4 16. fxe4 Bxb3 17. cxb3 Nxe4 18. Bxe4 Rfe8 19. Kf1 Rxe4 20. Bd2 g6 21. Bc3 Rf4 22.
Rg2 Rd8 23. Re1 h5 24. Re5 h4 25.
Rh5 Bd4 26. Rxa5 h3 27. Rg3 Rxf2+ 28. Ke1 Rxh2 29. Bxd4 Rxd4 30. Rag5 Kg7 31. R5g4 Rd5 32. b4 Rh1+ 33. Ke2 h2 34. Rh4 Rb1 35. Rgh3 Rxb2+ 36. Ke3 Re5+ 37. Kd3 Rb3+ 38. Kc4 Rxh3 39. Rxh3 Re2 40. a5 g5 41. Kc5 g4 42. Rh4 g3 43. a6 Ra2 44. Rg4+ Kf6 45. Rxg3 h1=Q 46. Rc3 Qe1 47. Kxc6 Qe6+ 48. Kxc7 Qe5+ 49. Kb7 Qxc3 50. b5 Qf3+ 51. Kb6 Qe3+ 52. Kb7 Qd3 53. Kb6 Qc4 54. a7 Rxa7 55. Kxa7 Qxb5 56. Ka8 Ke7 57. Ka7 Kd7 58. Ka8 Kc7 59.
Ka7 Qb7# 0-1

[Event "*** Titled Tuesday Blitz"]
[Site "Chess.com"]
[Date "2020.11.03"]
[Round "9"]
[White "anon102030"]
[Black "jacky72"]
[Result "1/2-1/2"]
[WhiteElo "2664"]
[BlackElo "2535"]
[TimeControl "180+1"]
[EndTime "11:50:04 PST"]
[Termination "Game drawn - insufficient material"]

1. e4 e5 2. Nc3 Bc5 3. g3 Nf6 4. Bg2 c6 5. d3 d5 6. exd5 cxd5 7. Nf3 Nc6 8. O-O O-O 9. Nxe5 Nxe5 10. d4 Bd6 11. dxe5 Bxe5 12. Nxd5 Nxd5 13. Qxd5 Qxd5 14. Bxd5 Bf5 15. c3 Rab8 16. Re1 Bd6 17. Be3 b6 18. Rad1 Rbd8 19. Bg5 Rde8 20. Rxe8 Rxe8 21. Bc6 Re6 22.
Bf4 Bf8 23. Bd7 Bg4 24. Bxe6 Bxd1 25. Bc4 g6 26. Kf1 Kg7 27. b4 a5 28. a3 axb4 29. axb4 Be7 30. Be5+ Bf6 31. f4 Bxe5 32. fxe5 f6 33.
exf6+ Kxf6 34. Ke1 Bg4 35. Kd2 Ke5 36. Ke3 g5 37. h4 gxh4 38. gxh4 h6 39. Bd3 Be6 40. Be2 Bd5 41. c4 Bc6 42. Kd3 Bd7 43. Kc3 Ke4 44.
Bd1 Be6 45. h5 Bf7 46. Be2 Ke3 47. Bd1 Ke4 48. c5 bxc5 49. bxc5 Bd5 50. Kb4 Ke5 51. Ka5 Ke6 52. Kb6 Kd7 53. Ba4+ Ke7 54. Bb5 Bf3 55. c6 Bxh5 56. c7 Bg4 57. Ba6 h5 58. c8=Q Bxc8 59. Bxc8 Kd8 60. Bh3 Ke7 61. Kc5 Kf6 62. Kd4 Kg5 63.
Bc8 Kf4 64. Bd7 h4 65. Bc8 Kf3 66. Bd7 Kf2 67. Bc8 Kg3 68. Bd7 Kf4 69. Bc8 h3 70. Bxh3 1/2-1/2

[Event "*** Titled Tuesday Blitz"]
[Site "Chess.com"]
[Date "2020.11.03"]
[Round "9"]
[White "AquivaRubinstein"]
[Black "DenisQ"]
[Result "1/2-1/2"]
[WhiteElo "2547"]
[BlackElo "2650"]
[TimeControl "180+1"]
[EndTime "11:50:04 PST"]
[Termination "Game drawn by repetition"]

1. e4 c6 2. Nc3 d5 3. Nf3 Bg4 4. h3 Bh5 5. g4 dxe4 6. gxh5 exf3 7. Qxf3 Nf6 8. Bc4 g6 9. hxg6 hxg6 10. d3 Nbd7 11. Bf4 Qa5 12. O-O-O Bh6 13. Kb1 Bxf4 14. Qxf4 Qe5 15. Qf3 e6 16. Rhe1 Qf5 17. Qg3 O-O-O 18.
Re3 Rh5 19. Ne4 Nxe4 20. dxe4 Qc5 21. Bb3 Rhh8 22. Red3 Ne5 23. Rxd8+ Rxd8 24. Rxd8+ Kxd8 25. a3 Qd4 26. f4 Nd7 27. e5 Ke8 28. Qh4 Qc5 29. c3 Qe7 30. Qf2 Qc5 31. Qh4 Qe3 32.
Qh8+ Ke7 33. Qh4+ Ke8 34. Qh8+ Nf8 35. Qh4 Qe4+ 36. Bc2 Qe2 37. a4 a5 38. Bb3 Qe3 39.
Ka2 Qe4 40. Qf6 Qf5 41. Qh4 Qe4 42. Qf2 Nd7 43. Qa7 Qxf4 44. Qxb7 Qxe5 45. Qxc6 Ke7 46. Bc4 Qe3 47. Qa6 Qb6 48. Qc8 Qc5 49. Qa6 g5 50. Bb5 Ne5 51. Qb7+ Kf6 52. Qe4 Ke7 53. h4 g4 54. Qf4 f6 55. Qh6 Qd5+ 56. Ka3 Qc5+ 57. Ka2 Qd5+ 58. Ka3 Qc5+ 59. Ka2 1/2-1/2

[Event "*** Titled Tuesday Blitz"]
[Site "Chess.com"]
[Date "2020.11.03"]
[Round "9"]
[White "GMaka"]
[Black "Iskusnyh"]
[Result "0-1"]
[WhiteElo "2410"]
[BlackElo "2575"]
[TimeControl "180+1"]
[EndTime "11:50:04 PST"]
[Termination "Iskusnyh won by resignation"]

1. d4 d5 2. c4 c6 3. Nf3 Nf6 4. e3 a6 5. Bd3 Bg4 6. h3 Bh5 7. Nbd2 e6 8. O-O Nbd7 9. Qc2 Bd6 10. b3 Bg6 11. Bb2 O-O 12. Bxg6 hxg6 13. Ne5 Bb4 14. f3 Nxe5 15. dxe5 Nd7 16. a3 Bc5 17. Rfe1 Qb6 18. Nf1 a5 19. Rad1 Rac8 20. h4 Rfd8 21. g4 Nf8 22. Kg2 d4 23. exd4 Bxd4 24. Bxd4 Rxd4 25. c5 Rxd1 26. Rxd1 Qc7 27. Rd6 b6 28. b4 axb4 29. axb4 bxc5 30. bxc5 Qa5 31. Ne3 Qe1 32. Qf2 Qc1 33. Nf1 Rb8 34. Rd2 Qc3 35. Qe3 Qc1 36.
Re2 Qc4 37. Rd2 Rb3 38. Qf2 Qc3 39. Ng3 Rb5 40. Ne4 Qb4 41. Nd6 Ra5 42. Rb2 Qxc5 43.
Qxc5 Rxc5 44. Rb8 Rc2+ 45. Kg3 c5 46. Nc8 Kh7 47. Ne7 Nd7 48. Rb7 Nxe5 49. Nc6 Nxc6 50. Rxf7 Nd4 51. Rc7 Rc3 52. Kf4 Rxf3+ 53. Ke5 Re3+ 54.
Kf4 Rf3+ 55. Ke4 Rg3 56. Rxc5 Rxg4+ 57. Ke5 Rxh4 58. Rc4 Nf5 59. Rxh4+ Nxh4 60. Kxe6 0-1

[Event "*** Titled Tuesday Blitz"]
[Site "Chess.com"]
[Date "2020.11.03"]
[Round "9"]
[White "vanea_03"]
[Black "FMJoseHerrera"]
[Result "1-0"]
[WhiteElo "2732"]
[BlackElo "2576"]
[TimeControl "180+1"]
[EndTime "11:50:06 PST"]
[Termination "vanea_03 won on time"]

1. c4 Nf6 2. Nc3 g6 3. g3 Bg7 4.
Bg2 d6 5. e4 h5 6. h3 Nc6 7.
Nge2 Be6 8. d3 O-O 9. O-O Qc8 10. Kh2 a6 11. Be3 Ne5 12. Qd2 b5 13. f4 Ned7 14.
f5 bxc4 15. fxe6 fxe6 16. dxc4 Ne5 17. b3 a5 18. Nd4 c5 19. Nf3 Nc6 20. e5 Ne8 21.
Qd3 Rf5 22. Nh4 Nxe5 23. Qc2 Rb8 24. Nxf5 exf5 25. Nd5 Qd7 26. Rae1 Kh7 27. Bf4 e6 28. Nc3 Nf6 29. Qd2 Qc7 30. Nb5 Rxb5 31. cxb5 h4 32. gxh4 Nh5 33. Kh1 Nxf4 34. Qxf4 Nd3 35. Qf3 Nxe1 36. Rxe1 e5 37. Qc6 Qe7 38. b6 Qxh4 39.
Rf1 e4 40. b7 Be5 41. Qd7+ Kh6 42. Qe8 Qg3 43. Qxe5 dxe5 44. b8=Q e3 45. Qh8+ Kg5 46. Rg1 Kf4 47. Qh6+ g5 48. Qc6 e2 49. Qxc5 e1=Q 50. Qc4+ e4 51. Rf1+ Qxf1+ 52. Qxf1+ Ke5 53. Qb5+ Kf4 54.
Qxa5 Qe1+ 55. Qxe1 1-0

[Event "*** Titled Tuesday Blitz"]
[Site "Chess.com"]
[Date "2020.11.03"]
[Round "9"]
[White "rasmussvane"]
[Black "Nuvas"]
[Result "1-0"]
[WhiteElo "2921"]
[BlackElo "2331"]
[TimeControl "180+1"]
[EndTime "11:50:07 PST"]
[Termination "rasmussvane won by resignation"]

1. Nf3 d5 2. g3 Nf6 3. Bg2 e6 4. O-O Be7 5. c4 O-O 6. b3 c5 7.
cxd5 Nxd5 8. Nc3 Nc6 9. Bb2 Bf6 10. Qc2 b6 11. Nxd5 exd5 12. d4 Re8 13. dxc5 Bxb2 14.
Qxb2 bxc5 15. Rfc1 Qd6 16. Qc2 Nb4 17. Qxc5 Qxc5 18. Rxc5 Rxe2 19. a3 Nc2 20. Rc1 Bf5 21. Nh4 Rc8 22. Rxc8+ Bxc8 23. Bf1 Re1 24. Rxc2 Ba6 25.
Nf3 Rxf1+ 26. Kg2 Ra1 27. Nd4 g6 28. a4 Rd1 29. Nc6 Bf1+ 30. Kf3 Bd3 31. Rc5 Be4+ 32.
Kf4 a6 33. Ne5 f6 34. Rc8+ Kg7 35. Rc7+ Kg8 36. Ng4 g5+ 37. Ke3 Rd3+ 38. Ke2 Rxb3 39. Nxf6+ Kf8 40. Nxh7+ Bxh7 41. Rxh7 Rb4 42. Rd7 Rxa4 43.
Rxd5 g4 44. Ke3 Kf7 45. Rd6 Ke7 46. Rb6 Kf7 47. Rc6 Ke7 48. Rh6 Kf7 49. h4 gxh3 50.
Rxh3 Ra3+ 51. Kf4 Ra4+ 52. Kg5 Ra5+ 53. Kg4 Rb5 54. Rh7+ Kg6 55. Ra7 Rb6 56. f4 Rc6 57.
Rd7 Kf6 58. Rd5 Rb6 59. Rc5 Rc6 60. Rxc6+ 1-0